[Event "Team 45 45 League T31"]
[Site "Internet Chess Club"]
[Date "2006.08.13"]
[Round "8"]
[White "Amauta"]
[Black "camembert"]
[Result "1-0"]
[WhiteElo "1952"]
[BlackElo "1887"]
[TimeControl "2700+45"]

1. e4 e5 2. Nf3 Nc6 3. Bc4 Bc5 4. O-O Nf6 5. d3 d6 6. h3 Na5 7. Nbd2 O-O 8. c3
Nxc4 9. Nxc4 Be6 10. b4 Bb6 11. a4 Bxc4 12. dxc4 a5 13. Qe2 Qe8 14. Bg5 Nd7 15.
g4 Nb8 16. Qc2 Nc6 17. Bd2 Nd8 18. Nh4 Ne6 19. Nf5 Kh8 20. Kh1 Qc6 21. Be3 Bxe3
22. Nxe3 Ng5 23. f3 Nxh3 24. Kg2 Ng5 25. Rh1 Qd7 26. Rh5 h6 27. Rxg5 hxg5 28.
Rh1+ Kg8 29. Kg3 f6 30. Nf5 Kf7 31. Rh7 Rg8 32. Nh6+ Ke6 33. Nxg8 Rxg8 34. c5
Ke7 35. bxa5 Kd8 36. Qb3 Re8 37. Qxb7 Qc8 38. c6 Qxb7 39. cxb7 Kd7 40. Rxg7+ Kc6
41. a6 Kb6 42. Rf7 Kxa6 43. Rxc7 Rb8 44. Rc6+ Kxb7 45. Rxd6 Rf8 46. a5 Kc7 47.
Rb6 Ra8 48. Rxf6 Rxa5 49. Rf5 Rc5 50. Rxg5 Kd6 51. Rg6+ Ke7 52. Rg5 Ke6 53. Rf5
Rxc3 54. g5 Rc1 55. Rf6+ Ke7 56. Kg4 Rg1+ 57. Kf5 Rg3 58. Kxe5 Rxg5+ 59. Rf5 Rg1
60. Rh5 Ra1 61. Rh7+ Kf8 62. Rd7 Ke8 63. Rd5 Ke7 64. f4 Rb1 65. f5 Rb4 66. f6+
Ke8 67. Kf5 Rb1 68. e5 Rf1+ 69. Ke6 Rf2 70. f7+ {Black resigns} 1-0  aics%

[Event "Team 45 45 League T31"]
[Site "Internet Chess Club"]
[Date "2006.08.10"]
[Round "8"]
[White "room-matt"]
[Black "Rainbird"]
[Result "1/2-1/2"]
[WhiteElo "1941"]
[BlackElo "1733"]
[TimeControl "2700+45"]

1. e4 c5 2. Nf3 e6 3. d4 cxd4 4. Nxd4 Nc6 5. Nc3 Qc7 6. Bc4 a6 7. a3 Nf6 8. Nxc6
bxc6 9. Qe2 Be7 10. Bg5 Bb7 11. O-O-O O-O 12. e5 Nd5 13. Bxe7 Nxe7 14. Ne4 Ng6
15. Rd6 Nxe5 16. Rhd1 c5 17. Ba2 c4 18. Kb1 Bd5 19. f4 Ng6 20. f5 exf5 21. R6xd5
fxe4 22. Rxd7 Qe5 23. Qxc4 Rab8 24. c3 Qb5 25. Qxb5 axb5 26. Rf1 Ne5 27. Re7
Rbe8 28. Rb7 e3 29. Kc2 Rd8 30. Rd1 Rxd1 31. Kxd1 Nc4 32. Bxc4 bxc4 33. Ke2 Re8
34. Rc7 f5 35. Rxc4 g5 36. g3 Kf7 37. b4 Ra8 38. Rc7+ Kg6 39. Kxe3 Rxa3 40. Kd3
Ra2 41. Rc6+ Kh5 42. Rc5 Rxh2 43. Rxf5 Kg4 44. Rd5 Rh3 45. Kc4 Rxg3 46. Rd4+ Kh3
47. b5 g4 48. b6 Rg1 49. Kc5 Rb1 50. Rb4 Rxb4 51. Kxb4 g3 52. b7 g2 53. b8=Q
g1=Q 54. Qc8+ Qg4+ 55. Qxg4+ Kxg4 56. c4 Kf5 57. c5 Ke6 58. Kb5 Kd7 59. Kb6 Kc8
60. Kc6 h5 61. Kd5 h4 62. Ke4 Kc7 63. Kf3 Kc6 64. Kg4 Kxc5 65. Kxh4 {Game drawn
because neither player has mating material} 1/2-1/2  aics%

[Event "Team 45 45 League T31"]
[Site "Internet Chess Club"]
[Date "2006.08.12"]
[Round "8"]
[White "RD1974"]
[Black "jientho"]
[Result "1-0"]
[WhiteElo "1680"]
[BlackElo "1406"]
[TimeControl "2700+45"]

1. e4 e5 2. Bc4 Nf6 3. d3 d5 4. exd5 Nxd5 5. Qh5 Qd6 6. Nc3 Be6 7. Bd2 Nd7 8.
Nf3 g6 9. Ne4 gxh5 10. Nxd6+ Bxd6 11. a3 N7b6 12. Ba2 Bg4 13. Ng5 Be7 14. Ne4 f5
15. Ng3 h4 16. Ne2 Bxe2 17. Kxe2 O-O-O 18. a4 Nb4 19. Be6+ Kb8 20. Bxb4 Bxb4 21.
a5 Rd6 22. Bxf5 Nd5 23. Be4 Nf4+ 24. Kf1 Rf8 25. c3 Bc5 26. b4 Bxf2 27. Kxf2
Nxd3+ 28. Ke3 Nf2 29. Rhf1 Rdf6 30. Bf3 Ng4+ 31. Ke2 Nxh2 32. Rh1 Nxf3 33. gxf3
Rxf3 34. Rxh4 Rf2+ 35. Kd3 R8f3+ 36. Ke4 Rf4+ 37. Rxf4 exf4 38. Rh1 b6 39. a6 f3
40. Rxh7 c5 41. Kd5 Re2 42. Kc6 Re6+ 43. Kd7 Re7+ 44. Rxe7 cxb4 45. Re8# {Black
checkmated} 1-0  aics%

[Event "Team 45 45 League T31"]
[Site "Internet Chess Club"]
[Date "2006.08.14"]
[Round "8"]
[White "VentasD"]
[Black "fmvgvg"]
[Result "0-1"]
[WhiteElo "2172"]
[BlackElo "2057"]
[TimeControl "2700+45"]

1. b3 e5 2. Bb2 Nc6 3. g3 Nf6 4. Bg2 d5 5. d3 Bd6 6. Nd2 O-O 7. h3 Bf5 8. e3 e4
9. d4 Qe7 10. a3 a5 11. c4 Qe6 12. Ne2 Bg6 13. c5 Be7 14. Nf4 Qd7 15. g4 h6 16.
Bf1 Bh7 17. Be2 g5 18. Ng2 Kg7 19. Bc3 Bg6 20. Nf1 b6 21. b4 axb4 22. axb4 h5
23. gxh5 Rxa1 24. Bxa1 Bf5 25. h4 gxh4 26. Nxh4 Nxb4 27. Ng3 Bh7 28. Bc3 Nd3+
29. Kf1 bxc5 30. dxc5 Ra8 31. Bg4 Qb5 32. Bf5 Ra2 33. Qg4+ Kf8 34. Qg5 Rxf2+ 35.
Kg1 Qb1+ {White resigns} 0-1  aics%

[Event "Team 45 45 League T31"]
[Site "Internet Chess Club"]
[Date "2006.08.13"]
[Round "8"]
[White "chipionero"]
[Black "vicalvarok"]
[Result "0-1"]
[WhiteElo "1725"]
[BlackElo "2005"]
[TimeControl "2700+45"]

1. d4 Nf6 2. c4 e6 3. Nf3 b6 4. g3 Ba6 5. Nbd2 Be7 6. Bg2 O-O 7. O-O c6 8. Qc2
d5 9. b3 Nbd7 10. Re1 c5 11. Bb2 Rc8 12. Rac1 dxc4 13. Nxc4 cxd4 14. Qb1 Bxc4
15. Rxc4 Rxc4 16. bxc4 e5 17. Rd1 Qc7 18. Qd3 Rc8 19. Qf5 Qxc4 20. Nxe5 Qxe2 21.
Rxd4 Qxe5 22. Qxe5 Nxe5 23. Ra4 Nc4 24. Bxf6 Bxf6 25. Rxa7 Nd2 26. Bd5 Rf8 27.
Rb7 Bd4 28. Rd7 Bc5 29. Kg2 Nb1 30. Kf3 Nc3 31. Bb3 Nb5 32. Bc4 Nd4+ 33. Ke4 Ne6
34. f4 Bg1 {White resigns} 0-1  aics%

[Event "Team 45 45 League T31"]
[Site "Internet Chess Club"]
[Date "2006.08.10"]
[Round "8"]
[White "mitus"]
[Black "blancaas"]
[Result "0-1"]
[WhiteElo "1834"]
[BlackElo "1895"]
[TimeControl "2700+45"]

1. e4 c5 2. Nf3 d6 3. d4 cxd4 4. Qxd4 Nc6 5. Bb5 a6 6. Bxc6+ bxc6 7. c4 Bg4 8.
Nbd2 e5 9. Qc3 Nf6 10. O-O Be7 11. Re1 O-O 12. Nf1 Re8 13. h3 Bh5 14. Ng3 Bg6
15. b3 Rc8 16. Bb2 Nd7 17. Rad1 Qc7 18. b4 Rb8 19. Qd2 Rb7 20. a3 c5 21. Bc3
Reb8 22. Nf5 Bxf5 23. exf5 Re8 24. Qd3 Nb6 25. Nd2 Na4 26. Ne4 Rc8 27. Nxd6 Bxd6
28. Bxe5 Bxe5 29. Qe4 Re8 30. Qxb7 Qxb7 31. Rxe5 Qb8 {White resigns} 0-1  aics%

[Event "Team 45 45 League T31"]
[Site "Internet Chess Club"]
[Date "2006.08.14"]
[Round "8"]
[White "arriero55"]
[Black "LittleBunny"]
[Result "1-0"]
[WhiteElo "1587"]
[BlackElo "1303"]
[TimeControl "2700+45"]

1. e4 e5 2. Nf3 Nc6 3. Bb5 a6 4. Ba4 Nf6 5. O-O Nxe4 6. d4 d6 7. Qe2 Bf5 8. Nbd2
b5 9. Bb3 Ng5 10. Nxg5 Qxg5 11. Nf3 Qe7 12. c3 exd4 13. Qxe7+ Bxe7 14. Bd5 Kd7
15. Bxc6+ Kxc6 16. Nxd4+ Kd7 17. Nxf5 Bf6 18. Bf4 g6 19. Nd4 c5 20. Nf3 Rhe8 21.
Rfe1 b4 22. cxb4 cxb4 23. Rxe8 Rxe8 24. Rd1 Re6 25. b3 Be7 26. Kf1 Rf6 27. Bg5
Rxf3 28. gxf3 Bxg5 29. Ke2 Bf4 30. h3 Bg5 31. Rd4 a5 32. Rd5 Bd8 33. Kd3 Kc8 34.
Rxd6 Bh4 35. Ke2 Be7 36. Ra6 Bd8 37. Ra8+ Kd7 38. Ra7+ Bc7 39. Kd3 Kc6 40. Kc4
g5 41. Ra6+ Kb7 42. Rh6 f6 43. Rxh7 {Black resigns} 1-0  aics%

[Event "Team 45 45 League T31"]
[Site "Internet Chess Club"]
[Date "2006.08.13"]
[Round "8"]
[White "Gregorio"]
[Black "Legal"]
[Result "1-0"]
[WhiteElo "2103"]
[BlackElo "2042"]
[TimeControl "2700+45"]

1. e4 d5 2. exd5 Nf6 3. c4 e6 4. dxe6 Bxe6 5. Nf3 Qe7 6. Be2 Bxc4 7. d3 Bd5 8.
O-O Nc6 9. Nc3 Be6 10. Be3 O-O-O 11. a3 Nd5 12. Nxd5 Bxd5 13. Qa4 Qe6 14. Nd2
Bd6 15. Nc4 Qg6 16. Nxd6+ Rxd6 17. Qg4+ Qxg4 18. Bxg4+ Be6 19. Be2 Nd4 20. Bxd4
Rxd4 21. Rac1 Rhd8 22. Rc3 Bf5 23. Rfc1 c6 24. Rd1 Kc7 25. f3 a5 26. Kf2 b6 27.
g3 c5 28. h4 Bd7 29. Rc4 Bb5 30. Rxd4 Rxd4 31. Ke3 Kd6 32. b3 Bc6 33. Rc1 Bd5
34. Bd1 b5 35. Rb1 Be6 36. Rb2 b4 37. Ra2 a4 38. axb4 Bxb3 39. bxc5+ Kxc5 40.
Bxb3 axb3 41. Ra5+ Kb6 42. Ra1 Rb4 43. Kd2 b2 44. Rb1 f5 45. Kc3 Kc5 46. Rxb2
Ra4 47. Rb7 Ra3+ 48. Kd2 Kd4 49. Rd7+ Ke5 50. Rxg7 h5 51. Ke3 Ra1 52. d4+ Kd5
53. Rd7+ Ke6 54. Rh7 Kd5 55. Rxh5 Ra3+ 56. Kf4 Ke6 57. Rh6+ Kf7 58. h5 Rd3 59.
Rd6 Ke7 60. Rd5 Ke6 61. Re5+ Kf6 62. Rxf5+ Ke6 63. Re5+ Kf6 64. Ke4 Rd1 65. g4
Rh1 66. Kf4 {Black resigns} 1-0  aics%  furrbrain(90): my old one was punting me
offline at random times aics%

[Event "Team 45 45 League T31"]
[Site "Internet Chess Club"]
[Date "2006.08.14"]
[Round "8"]
[White "beer2337"]
[Black "baumhauer"]
[Result "0-1"]
[WhiteElo "1972"]
[BlackElo "2016"]
[TimeControl "2700+45"]

1. e4 c5 2. Nf3 e6 3. g3 Nc6 4. Bg2 e5 5. Nc3 d6 6. d3 Be7 7. Nd5 Nf6 8. Ne3 g6
9. O-O Bd7 10. a4 Qc8 11. c3 h6 12. Qc2 Bh3 13. Rd1 Bxg2 14. Kxg2 Qe6 15. Nc4
Nh7 16. Qb3 Rb8 17. Ncd2 Qd7 18. d4 Ng5 19. d5 Qh3+ 20. Kg1 Nd8 21. Qb5+ Kf8 22.
Qf1 Qg4 23. Qe2 h5 24. Kf1 Kg7 25. Nxg5 Bxg5 26. Nf3 Be7 27. Kg2 Qd7 28. h3 f6
29. Nh4 Nf7 30. Qb5 Qc8 31. Qd3 f5 32. Nf3 h4 33. Ng1 hxg3 34. fxg3 Bg5 35. h4
Bxc1 36. Rdxc1 f4 37. gxf4 Qg4+ 38. Qg3 Rxh4 39. Qxg4 Rxg4+ 40. Kf3 Rxf4+ 41.
Ke3 Ng5 {White resigns} 0-1  aics%

[Event "Team 45 45 League T31"]
[Site "Internet Chess Club"]
[Date "2006.08.12"]
[Round "8"]
[White "Simonside"]
[Black "narog"]
[Result "1-0"]
[WhiteElo "1980"]
[BlackElo "2030"]
[TimeControl "2700+45"]

1. e4 d5 2. exd5 Qxd5 3. Nc3 Qd6 4. Nf3 Nf6 5. d4 a6 6. Be2 g6 7. Ne5 Nc6 8. Bf4
Qb4 9. Nxc6 bxc6 10. Bf3 Bd7 11. Qd2 Bg7 12. O-O O-O 13. Rab1 Rac8 14. a3 Qb8
15. Rfe1 Rfe8 16. Na4 Qb5 17. Nc5 Bg4 18. a4 Qb6 19. Bxg4 Nxg4 20. b4 Rcd8 21.
c3 e5 22. Qe2 Nf6 23. Bxe5 a5 24. bxa5 Qxa5 25. Nb7 Qxc3 26. Nxd8 Rxd8 27. Rec1
Qa3 28. Rxc6 Qxa4 29. Bxf6 Bxf6 30. Rxf6 Qxd4 31. Rf3 c5 32. h3 {Black resigns}
1-0  aics%

[Event "Team 45 45 League T31"]
[Site "Internet Chess Club"]
[Date "2006.08.11"]
[Round "8"]
[White "SpikeyJ"]
[Black "room-matt"]
[Result "0-1"]
[WhiteElo "1944"]
[BlackElo "1958"]
[TimeControl "2700+45"]

1. c4 Nf6 2. Nc3 e6 3. e4 c5 4. e5 Ng8 5. Nf3 Nc6 6. d4 cxd4 7. Nxd4 Nxe5 8.
Ndb5 d6 9. c5 dxc5 10. Bf4 f6 11. Bxe5 fxe5 12. Qh5+ Ke7 13. Qxe5 Kf7 14. Rd1
Qf6 15. Qc7+ Ne7 16. Bc4 Kg6 17. Ne4 Qh4 18. g3 Qxe4+ 19. Be2 Qxh1+ 20. Kd2 Qxh2
21. Qe5 Nc6 22. Qe4+ Kf7 23. Nd6+ Bxd6 24. Rh1 Qxf2 25. Rf1 Qxf1 26. Bxf1 Rd8
27. Qxh7 Bxg3+ 28. Kc1 Bf4+ 29. Kc2 e5 30. Bd3 Nb4+ {White resigns} 0-1  aics%

[Event "Team 45 45 League T31"]
[Site "Internet Chess Club"]
[Date "2006.08.12"]
[Round "8"]
[White "NotSoGreat"]
[Black "sogtulakk"]
[Result "1-0"]
[WhiteElo "2341"]
[BlackElo "2070"]
[TimeControl "2700+45"]

1. e4 c5 2. Nc3 d6 3. f4 Nc6 4. Nf3 g6 5. Bc4 Bg7 6. d3 e6 7. O-O Nge7 8. f5
exf5 9. Qe1 h6 10. Bd2 Ne5 11. Nxe5 dxe5 12. Qf2 O-O 13. Qxc5 b6 14. Qf2 Bb7 15.
Rae1 f4 16. g3 g5 17. h4 Ng6 18. Qf3 gxh4 19. gxf4 exf4 20. Bxf4 Nxf4 21. Qxf4
Qg5+ 22. Kh1 Be5 23. Qxg5+ hxg5 24. Rf5 Bf4 25. Bd5 Rab8 26. Bxb7 Rxb7 27. Nd5
Bd2 28. Rd1 Bf4 29. Nxf4 gxf4 30. Rg1+ {Black resigns} 1-0  aics%

[Event "Team 45 45 League T31"]
[Site "Internet Chess Club"]
[Date "2006.08.10"]
[Round "8"]
[White "spacecadet"]
[Black "Brillianov"]
[Result "0-1"]
[WhiteElo "1931"]
[BlackElo "2165"]
[TimeControl "2700+45"]

1. e4 c5 2. Nf3 g6 3. c4 Nc6 4. d4 cxd4 5. Nxd4 d6 6. Nc3 Nf6 7. Be2 Nxd4 8.
Qxd4 Bg7 9. Qd3 O-O 10. O-O Nd7 11. Be3 Qa5 12. Rac1 Nc5 13. Bxc5 Qxc5 14. b4
Qe5 15. Nd5 Bd7 16. Rfd1 Bh6 17. Rc3 e6 18. Ne3 Bg7 19. Rcc1 Rfc8 20. Rd2 Bc6
21. Bf3 Qf4 22. Nc2 f5 23. Re1 fxe4 24. Bxe4 Rd8 25. g3 Bxe4 26. Rxe4 Qf7 27.
Rde2 e5 28. Ne3 Qf3 29. Qc2 Rf8 30. Nd5 Rf7 31. R2e3 Qf5 32. Qd3 Qxf2+ 33. Kh1
Qxa2 34. Qe2 Qb1+ 35. Kg2 Raf8 36. Rh4 Rf1 37. Ree4 R1f2+ 38. Qxf2 Rxf2+ 39.
Kxf2 b5 40. Ke3 g5 41. Rhg4 h5 42. Rxg5 Qc1+ 43. Kd3 Qxg5 44. cxb5 Qc1 45. Ne7+
Kf7 46. Nf5 Bf8 47. h3 Qf1+ {White resigns} 0-1  aics%

[Event "Team 45 45 League T31"]
[Site "Internet Chess Club"]
[Date "2006.08.13"]
[Round "8"]
[White "kabindra"]
[Black "marson"]
[Result "1/2-1/2"]
[WhiteElo "1821"]
[BlackElo "1956"]
[TimeControl "2700+45"]

1. e4 e6 2. d4 d5 3. exd5 exd5 4. Nf3 Bd6 5. Bd3 Ne7 6. Bg5 f6 7. Bh4 Bf5 8. Nc3
c6 9. a3 Nd7 10. Bg3 Qc7 11. Qe2 O-O-O 12. Bxd6 Qxd6 13. O-O-O Rde8 14. Rhe1 Nb6
15. Bxf5+ Nxf5 16. Qd3 g6 17. Kb1 Nc4 18. Nd2 b5 19. g3 Kd7 20. Rxe8 Rxe8 21.
Nxc4 dxc4 22. Qd2 b4 23. axb4 Qxb4 24. Na2 Qb6 25. Qb4 Qxb4 26. Nxb4 Re2 27. d5
c5 28. Na6 Kd6 29. b4 cxb4 30. Nxb4 Rxf2 31. Re1 Kc5 32. c3 a5 33. Na6+ Kxd5 34.
Nc7+ Kc5 35. Ne8 Rxh2 36. Nxf6 Kb5 37. g4 Ng3 38. Re5+ Ka4 39. Ka1 Ne2 40. Ne4
Kb3 41. Rb5+ Kc2 42. Rb2+ Kd3 43. Nc5+ Kxc3 44. Na4+ Kd4 45. Rd2+ Ke3 46. Rc2 h5
47. gxh5 gxh5 48. Rxc4 Nd4 49. Rc3+ Kd2 50. Kb2 Kd1+ 51. Kb1 Kd2 52. Kb2 Kd1+
53. Kb1 Rc2 54. Rd3+ Rd2 55. Rh3 Nf5 56. Nc3+ Ke1 57. Rh1+ Kf2 58. Rxh5 Ng3
{Game drawn by mutual agreement} 1/2-1/2  aics%

[Event "Team 45 45 League T31"]
[Site "Internet Chess Club"]
[Date "2006.08.13"]
[Round "8"]
[White "kamu"]
[Black "Zzasrix"]
[Result "1-0"]
[WhiteElo "1663"]
[BlackElo "1560"]
[TimeControl "2700+45"]

1. d4 Nf6 2. c4 c5 3. d5 b5 4. cxb5 a6 5. bxa6 Bxa6 6. Nc3 g6 7. g3 Bg7 8. Bg2
d6 9. Nf3 O-O 10. O-O Nbd7 11. Rb1 Ng4 12. Qc2 Rb8 13. h3 Nge5 14. Nxe5 Nxe5 15.
b3 Qa5 16. Bd2 Qc7 17. Rfe1 Rb7 18. Ne4 Rfb8 19. Bc3 h6 20. f4 Nd7 21. Bxg7 Kxg7
22. Nd2 c4 23. bxc4 Rxb1 24. Rxb1 Rxb1+ 25. Qxb1 Qb6+ 26. Qxb6 Nxb6 27. e4 Nxc4
28. Nxc4 Bxc4 29. a4 Kf8 30. Bf1 Bxf1 31. Kxf1 Ke8 32. Ke2 Kd7 33. Kd3 Kc7 34.
Kc4 Kb6 35. e5 Ka5 36. Kb3 f5 37. e6 g5 38. h4 gxf4 39. gxf4 Kb6 40. Kb4 h5 41.
a5+ Ka6 42. Ka4 Ka7 43. Kb5 Kb7 44. a6+ Ka7 45. Ka5 Ka8 46. Kb6 Kb8 47. Kc6 Ka7
48. Kd7 Kxa6 49. Kxe7 Kb5 50. Kxd6 Kc4 51. e7 Kd4 52. e8=Q Kd3 53. Kc5 {Black
resigns} 1-0  aics%

[Event "Team 45 45 League T31"]
[Site "Internet Chess Club"]
[Date "2006.08.13"]
[Round "8"]
[White "Bookkeeper"]
[Black "stakastra"]
[Result "0-1"]
[WhiteElo "1460"]
[BlackElo "1601"]
[TimeControl "2700+45"]

1. e4 e5 2. Nf3 Nc6 3. Bb5 d6 4. h3 Bd7 5. O-O Nf6 6. Re1 Be7 7. c3 O-O 8. Ba4
h6 9. d4 a6 10. Nbd2 b5 11. Bc2 Na5 12. dxe5 dxe5 13. Nxe5 Be6 14. b4 Nc4 15.
Ndxc4 Qxd1 16. Rxd1 bxc4 17. Nc6 Bd6 18. f4 Bd7 19. Na5 Nh7 20. Nxc4 Bb5 21.
Nxd6 cxd6 22. Rxd6 Rac8 23. Bb2 Nf6 24. Re1 Nh5 25. f5 Nf4 26. a4 Bc4 27. e5
Rfe8 28. Kh2 Ne2 29. Bd3 Bxd3 30. Rxd3 Rxe5 31. c4 Re4 32. Rd6 Rcxc4 33. Ba3 Re3
34. Bb2 Rxb4 35. Ba1 Rxa4 36. Rd2 Rae4 37. Bd4 Nxd4 38. Rxe3 Rxe3 39. Rxd4 Re5
40. Ra4 a5 41. g4 h5 42. Kg3 hxg4 43. hxg4 g6 44. Kf4 Rb5 45. Rc4 gxf5 46. gxf5
Rb4 {White resigns} 0-1  aics%

[Event "Team 45 45 League T31"]
[Site "Internet Chess Club"]
[Date "2006.08.13"]
[Round "8"]
[White "pflotus"]
[Black "LIVVI"]
[Result "0-1"]
[WhiteElo "1459"]
[BlackElo "1659"]
[TimeControl "2700+45"]

1. Nf3 Nf6 2. b4 d5 3. Bb2 e6 4. a3 Nbd7 5. e3 Bd6 6. c4 c6 7. Be2 a5 8. c5 Bc7
9. O-O axb4 10. axb4 Rxa1 11. Bxa1 O-O 12. d3 Ng4 13. Nbd2 Nge5 14. Bxe5 Nxe5
15. d4 Ng6 16. Qb3 Bd7 17. b5 e5 18. bxc6 bxc6 19. Qc3 e4 20. Ne1 Qb8 21. g3 Bh3
22. Ng2 Bxg2 23. Kxg2 Qd8 24. Ra1 f5 25. Ra6 Qf6 26. Nb3 f4 27. exf4 Nxf4+ 28.
gxf4 Bxf4 29. Qh3 Bxh2 30. Kxh2 Qxf2+ 31. Qg2 Qh4+ 32. Qh3 Rf2+ {White resigns}
0-1  aics%

[Event "Team 45 45 League T31"]
[Site "Internet Chess Club"]
[Date "2006.08.13"]
[Round "8"]
[White "narog"]
[Black "rayngrant"]
[Result "1-0"]
[WhiteElo "2033"]
[BlackElo "1637"]
[TimeControl "2700+45"]

1. d4 Nf6 2. Bf4 g6 3. h3 Bg7 4. e3 O-O 5. Bd3 c5 6. c3 d5 7. Nf3 Nc6 8. O-O Qb6
9. Qb3 Qa5 10. Qd1 Ne4 11. Bxe4 dxe4 12. Nfd2 cxd4 13. exd4 Qf5 14. Bg3 Be6 15.
Re1 Qb5 16. b3 f5 17. a4 Qb6 18. Na3 Rac8 19. Ndc4 Qd8 20. Qd2 Na5 21. Qa2 Nxc4
22. Nxc4 a6 23. a5 f4 24. Bh2 Bd5 25. Rac1 f3 26. Nb6 Rc6 27. c4 Rxb6 28. axb6
Bc6 29. d5 Bd7 30. Bc7 Qc8 31. Rxe4 fxg2 32. Qe2 Bxh3 33. Be5 Bh6 34. Re1 Bf5
35. Rh4 Bg5 36. Rh2 Bh3 37. Qd3 Qc5 38. Bd4 Qb4 39. Qc3 Qxc3 40. Bxc3 Bf5 41.
Rxg2 Bh6 42. Rxe7 {Black resigns} 1-0  aics%

[Event "Team 45 45 League T31"]
[Site "Internet Chess Club"]
[Date "2006.08.10"]
[Round "8"]
[White "NESKAYA"]
[Black "RingLord"]
[Result "0-1"]
[WhiteElo "1502"]
[BlackElo "1715"]
[TimeControl "2700+45"]

1. e4 c5 2. c3 e6 3. d4 d5 4. Bb5+ Bd7 5. Bxd7+ Qxd7 6. exd5 Qxd5 7. Qf3 Nf6 8.
Qxd5 Nxd5 9. dxc5 Bxc5 10. Nf3 Nc6 11. Nbd2 O-O-O 12. Ne4 Be7 13. O-O h6 14. c4
Nf6 15. Nfd2 Nxe4 16. Nxe4 Rd4 17. Nd2 Bb4 18. Nf3 Rxc4 19. a3 Be7 20. Be3 Bf6
21. Rab1 Rd8 22. b3 Rc2 23. a4 g5 24. Rbc1 Rb2 25. Rb1 Rxb1 26. Rxb1 Nd4 27.
Bxd4 Bxd4 28. Kf1 Bb6 29. h3 Rd5 30. Ke2 Rc5 31. Rb2 h5 32. Nd2 Re5+ 33. Kd3
Bxf2 34. Ne4 Rd5+ 35. Ke2 Bd4 36. Rd2 f6 37. Kd3 f5 38. Kc4 fxe4 39. Rxd4 Re5
40. Rd1 Kc7 41. b4 a6 42. Kd4 Rd5+ {White resigns} 0-1  aics%

[Event "Team 45 45 League T31"]
[Site "Internet Chess Club"]
[Date "2006.08.12"]
[Round "8"]
[White "jacknor"]
[Black "mfunk"]
[Result "0-1"]
[WhiteElo "1555"]
[BlackElo "1642"]
[TimeControl "2700+45"]

1. d4 Nf6 2. Nf3 e6 3. Bg5 h6 4. Bxf6 Qxf6 5. e4 d5 6. e5 Qd8 7. Bd3 Bd7 8. Nbd2
c5 9. c3 Be7 10. Rc1 b5 11. dxc5 Bxc5 12. Nd4 Qb6 13. N2f3 a6 14. O-O Nc6 15.
Bb1 Be7 16. Nxc6 Bxc6 17. Nd4 Bd7 18. Qg4 O-O 19. Qg3 Rac8 20. Qd3 g6 21. Kh1 b4
22. Qg3 Kg7 23. Nf3 bxc3 24. bxc3 Ba3 25. Rcd1 Rxc3 26. Rd3 Rxd3 27. Bxd3 Bb5
28. Rb1 Qc5 29. Bxb5 axb5 30. Qf4 Qc4 31. Qf6+ Kh7 32. Rb3 Qf1+ 33. Ng1 Bc5 34.
Rf3 d4 35. h4 d3 36. Kh2 d2 37. Nh3 d1=Q 38. Ng5+ hxg5 39. hxg5 Qxf3 40. Qxf3
Qxf2 {White resigns} 0-1  aics%

[Event "Team 45 45 League T31"]
[Site "Internet Chess Club"]
[Date "2006.08.14"]
[Round "8"]
[White "e4ia"]
[Black "EyeAm"]
[Result "1-0"]
[WhiteElo "1539"]
[BlackElo "1316"]
[TimeControl "2700+45"]

1. d4 f5 2. g3 Nf6 3. Bg2 e6 4. Nh3 Be7 5. c4 O-O 6. Nc3 Bb4 7. Qb3 Nc6 8. e3
Ne4 9. Bxe4 fxe4 10. O-O Bxc3 11. bxc3 Na5 12. Qb4 b6 13. a4 Ba6 14. Nf4 Bxc4
15. Rd1 Bd5 16. Nxd5 exd5 17. Ba3 Nc6 18. Qb5 Ne7 19. Bxe7 Qxe7 20. Qxd5+ Kh8
21. a5 a6 22. axb6 cxb6 23. Qb7 Qf7 24. Rf1 Qc4 25. Qxb6 Qxc3 26. Rxa6 d5 27.
Qb7 Rxa6 28. Qxa6 Qc8 29. Qa7 h5 30. h4 Kg8 31. Qc5 Rd8 32. Rc1 Qf5 33. Qc7 Rf8
34. Qf4 g6 35. Rc5 Qxf4 36. gxf4 Rf5 37. Kg2 Kf7 38. f3 exf3+ 39. Kxf3 Kf6 40.
Rc6+ Kf7 41. e4 dxe4+ 42. Kxe4 Rf6 43. d5 {Black forfeits on time} 1-0  aics%

[Event "Team 45 45 League T31"]
[Site "Internet Chess Club"]
[Date "2006.08.12"]
[Round "8"]
[White "qs16"]
[Black "Club-17"]
[Result "0-1"]
[WhiteElo "1785"]
[BlackElo "1807"]
[TimeControl "2700+45"]

1. e4 d5 2. exd5 Qxd5 3. Nc3 Qa5 4. Be2 Nf6 5. Nf3 Nc6 6. h3 e5 7. O-O e4 8. Nh2
Bb4 9. a3 O-O 10. Na2 Bd6 11. d3 Qe5 12. f4 exf3 13. Nxf3 Bc5+ 14. Kh1 Qd6 15.
Nc3 Nh5 16. Ne4 Ng3+ 17. Nxg3 Qxg3 18. Qe1 Qxe1 19. Rxe1 Re8 20. Bf4 Bf2 21. c3
Bxe1 22. Rxe1 Be6 23. Bxc7 Rac8 24. Bg3 h6 25. d4 Bd5 26. Bd1 Na5 27. b4 Nc4 28.
Ne5 Nxa3 29. Ba4 b5 30. Bd1 Rxc3 31. Kh2 Nc2 32. Re2 Nxd4 33. Rd2 Nf5 34. Rxd5
Nxg3 35. Bf3 Nf1+ 36. Kg1 Rc1 37. Kf2 a6 38. Nd3 Rb1 39. Rd7 Ne3 40. Bh5 Rf1+
41. Kg3 Rf6 42. Nc5 Nf1+ 43. Kh4 Re4+ 44. Nxe4 g5+ 45. Nxg5 hxg5+ 46. Kxg5 Rf2
47. Bf3 Ne3 48. Kf6 Nxg2 49. Rd8+ Kh7 50. Kxf7 Rxf3+ 51. Ke6 Rxh3 52. Ra8 Rh4
53. Kf5 Ne3+ 54. Kg5 Rxb4 55. Ra7+ Kg8 56. Rxa6 Kf7 57. Rb6 Ke7 58. Kg6 Rg4+ 59.
Kh5 b4 60. Rb5 Kd7 61. Re5 Nc4 62. Rb5 Nd6 63. Rd5 Rg1 64. Rd3 Kc6 65. Kh4 Kc5
66. Kh3 Rb1 67. Kg2 b3 68. Kf2 b2 69. Rb3 Kd4 70. Ke2 Nc4 71. Rd3+ Kc5 72. Rb3
Kd5 73. Rb5+ Ke4 74. Rb8 Rh1 75. Rb7 b1=Q {White resigns} 0-1  aics%

[Event "Team 45 45 League T31"]
[Site "Internet Chess Club"]
[Date "2006.08.12"]
[Round "8"]
[White "Smart"]
[Black "hansolo1000"]
[Result "0-1"]
[WhiteElo "1627"]
[BlackElo "1715"]
[TimeControl "2700+45"]

1. e4 c5 2. Nf3 d6 3. d4 cxd4 4. Nxd4 Nf6 5. Nc3 a6 6. Be3 e5 7. Nb3 Be6 8. f3
Be7 9. Qd2 O-O 10. O-O-O Nc6 11. Nd5 Bxd5 12. exd5 Na7 13. a4 Nc8 14. a5 Qd7 15.
Kb1 Bd8 16. Qb4 b6 17. axb6 Nxb6 18. Bxb6 Rb8 19. Qa3 Rxb6 20. Na5 Be7 21. Nc4
Rbb8 22. Qxa6 Qc7 23. Na3 Rfc8 24. Bb5 Ra8 25. Qc6 Qb8 26. c4 Rxc6 27. Bxc6 Rxa3
{White resigns} 0-1  aics%

[Event "Team 45 45 League T31"]
[Site "Internet Chess Club"]
[Date "2006.08.12"]
[Round "8"]
[White "GadsHill"]
[Black "rabanito"]
[Result "1-0"]
[WhiteElo "1566"]
[BlackElo "1534"]
[TimeControl "2700+45"]

1. d4 d5 2. c4 c6 3. Nf3 Nf6 4. Qc2 Bg4 5. Ne5 Qc8 6. Nxg4 Qxg4 7. e3 Nbd7 8.
Nd2 e5 9. h3 Qe6 10. dxe5 Nxe5 11. Be2 Bd6 12. O-O O-O 13. b3 Rfe8 14. Bb2 c5
15. Rad1 Ned7 16. Nf3 d4 17. Bd3 Ne5 18. Ng5 Qd7 19. Bxh7+ Kh8 20. Bf5 Qe7 21.
exd4 g6 22. dxe5 Bxe5 23. Bxe5 Qxe5 24. Nxf7+ {Black resigns} 1-0  aics%

[Event "Team 45 45 League T31"]
[Site "Internet Chess Club"]
[Date "2006.08.12"]
[Round "8"]
[White "QuaqQuao"]
[Black "Aziraphale"]
[Result "1-0"]
[WhiteElo "1632"]
[BlackElo "1360"]
[TimeControl "2700+45"]

1. e4 e5 2. Nf3 Nc6 3. d4 exd4 4. Nxd4 Nge7 5. Nc3 g6 6. Be2 Bg7 7. Be3 d5 8.
exd5 Nxd5 9. Nxd5 Qxd5 10. Bf3 Qd6 11. Bxc6+ bxc6 12. c3 Ba6 13. Qd2 Qd5 14. Nb3
Qxg2 15. O-O-O O-O 16. Nc5 Rad8 17. Qc2 Bc8 18. Qe4 Rxd1+ 19. Kxd1 Rd8+ 20. Kc1
Qxe4 21. Nxe4 Bf5 22. Nc5 Bf8 23. Rd1 Rxd1+ 24. Kxd1 Bd6 25. h4 h5 26. a4 Bc8
27. Nb3 a6 28. Nd4 Bd7 29. Nb3 Kg7 30. a5 Kf6 31. Nc5 Bxc5 32. Bxc5 Kf5 33. Ke2
f6 34. f3 Be6 35. Bf2 g5 36. Ke3 Bd5 37. Bg3 g4 38. fxg4+ Kxg4 39. Bxc7 Kxh4 40.
Kf4 Kh3 41. Kf5 Kg2 42. Kxf6 h4 43. Ke5 h3 44. Kd4 h2 45. Bxh2 Kxh2 46. Kc5 Kg2
47. c4 Be6 48. b3 Kf3 49. Kxc6 Ke4 50. Kc5 Kd3 51. Kb6 Kc3 52. Kxa6 Kxb3 53. c5
Bd5 54. Kb6 Kb4 55. a6 Ka4 56. a7 Kb4 57. c6 {Black resigns} 1-0  aics%

[Event "Team 45 45 League T31"]
[Site "Internet Chess Club"]
[Date "2006.08.15"]
[Round "8"]
[White "buzzard"]
[Black "Sean"]
[Result "1-0"]
[WhiteElo "1611"]
[BlackElo "1513"]
[TimeControl "2700+45"]

1. e4 d6 2. f4 Nf6 3. Nc3 g6 4. Nf3 Bg7 5. e5 dxe5 6. fxe5 Nfd7 7. Bb5 c6 8. e6
fxe6 9. Ng5 Bxc3 10. bxc3 cxb5 11. Nxe6 Qb6 12. Qe2 Nf6 13. Nd4 a6 14. Ba3 Qc7
15. O-O Rf8 16. Rae1 Nd5 17. Rxf8+ Kxf8 18. Qf3+ Qf4 19. Qxd5 Qxd2 20. Qd8+ Kg7
21. Qxe7+ Kh6 22. Bc1 Qxc1 23. Rxc1 Nc6 24. Nxc6 bxc6 25. Qf8+ Kh5 26. Qf3+ Bg4
27. Qxc6 Rc8 28. Qd5+ Bf5 29. h3 Kh4 30. Kh2 Rxc3 31. Qd4+ Kg5 32. Qxc3 {Black
resigns} 1-0  aics%